 Dungeon Crawl Stone Soup version 0.25-a0-292-gaa31f046c4 (webtiles) character file.

Game seed: 12011580631414372507, levelgen mode: classic

461 Borgoz the Cutter (level 7, -12/66 HPs)
             Began as a Kobold Fighter on Dec 15, 2019.
             Was a Follower of Ashenzari.
             Mangled by Pikel
             ... wielding a +2 whip of electrocution
              (15 damage)
             ... on level 6 of the Dungeon.
             The game lasted 00:07:24 (4316 turns).

Borgoz the Cutter (Kobold Fighter)                  Turns: 4316, Time: 00:07:25

Health: -12/66     AC:  7    Str: 21    XL:     7   Next: 28%
Magic:  8/8        EV: 14    Int:  9    God:    Ashenzari [*.....]
Gold:   157        SH:  0    Dex: 16    Spells: 6/6 levels left

rFire    . . .     SeeInvis .   a - +0 rapier
rCold    + . .     Gourm    .   (shield restricted)
rNeg     . . .     Faith    .   b - +0 scale mail
rPois    .         Spirit   .   (no helmet)
rElec    .         Reflect  .   (no cloak)
rCorr    .         Harm     .   (no gloves)
MR       +....                  d - +0 pair of boots
Stlth    ..........             k - amulet of rage
HPRegen  0.21/turn              (no ring)
MPRegen  0.11/turn              (no ring)

@: berserking (expiring), very quick
A: small, hooves 1, agile 1, carnivore, cold resistance 1, magic resistance 1,
MP-powered wands
a: Curse Item, Scrying, Renounce Religion, Evoke Berserk Rage


You were on level 6 of the Dungeon.
You worshipped Ashenzari.
Ashenzari was aware of your devotion.
You were full.

You visited 1 branch of the dungeon, and saw 6 of its levels.

You collected 157 gold pieces.

Inventory:

Hand Weapons
 a - a +0 rapier (weapon)
Armour
 b - a +0 scale mail (worn)
 c - a +0 shield
 d - a +0 pair of boots (worn)
Jewellery
 k - an amulet of rage (around neck)
Scrolls
 e - a scroll of enchant weapon {unknown}
 h - a scroll of teleportation {unknown}
 l - 3 scrolls of remove curse
 n - 2 scrolls of fear
 q - a scroll of enchant armour
 s - a scroll of amnesia
Potions
 g - a potion of magic
 o - a potion of cancellation
 p - 2 potions of berserk rage
Comestibles
 f - 7 rations


   Skills:
 * Level 4.8 Fighting
 * Level 5.0 Short Blades
 + Level 3.0 Armour
 * Level 3.5 Dodging
 + Level 2.8 Stealth
 + Level 3.0 Shields
 + Level 1.9 Evocations


You had 6 spell levels left.
You didn't know any spells.
Your spell library contained the following spells:

 Spells                   Type           Power        Failure   Level  Hunger
 Animate Skeleton         Necr           N/A          73%         1    ##.....
 Pain                     Necr           #...         73%         1    ##.....
 Regeneration             Chrm/Necr      #.........   97%         3    ####...
 Vampiric Draining        Necr           #.........   97%         3    ####...
 Animate Dead             Necr           N/A          100%        4    #####..


Dungeon Overview and Level Annotations

Branches:
Dungeon (6/15)
 Temple: D:4-7

Altars:
Ashenzari
Cheibriados
Fedhas
Nemelex Xobeh
Uskayaw
Yredelemnul
The Shining One

Annotations:
D:6 Pikel


Innate Abilities, Weirdness & Mutations

You are small and have problems with some larger weapons.
You are carnivorous and can eat meat at any time.
You have large cloven feet.
You are agile. (Dex +2)
Your flesh is cold resistant. (rC+)
You are resistant to hostile enchantments. (MR+)
You expend magic power (3 MP) to strengthen your wands.


Message History

You closely miss the slave.
The slave is almost dead.
Pikel misses you.
Unknown command.
You hit the slave.
You kill the slave!
That felt strangely unrewarding.
The slave hits you but does no damage. Pikel completely misses you.
Your scale mail prevents you from hitting the slave.
The slave hits you.
You closely miss the slave. Pikel hits you but does no damage.
You are electrocuted!
* * * LOW HITPOINT WARNING * * *
The slave hits you!
* * * LOW HITPOINT WARNING * * *
You barely miss the slave.
Pikel hits you with a +2 whip of electrocution.
* * * LOW HITPOINT WARNING * * *
You are electrocuted!
You die...

.... ....# #.......#
...... #..###......####
......###..##.........##
......#.....#..........#
............).........##
..................#.#..#
............#.....###...
.......Kp..##......##.##
.......@...##..........#
............#.......##>#
...................##..#
..................<.....
........................
#....................#..
....#..............####.
..............#...###...
... ##..# #.(#


You could see Pikel and a slave.

Vanquished Creatures
  3 slaves (D:6)
  An ogre (D:4)
  A centaur skeleton (D:6)
  An orc priest (D:5)
  3 orc wizards
  Jessica (D:2)
  A worker ant (D:4)
  A gnoll (D:1)
  7 adders
  A shadow imp (D:5)
  2 oozes
  2 adder skeletons
  3 worms
  4 dart slugs
  3 leopard geckos
  15 orcs
  2 giant cockroaches
  4 goblins
  A hobgoblin (D:3)
  3 kobolds
  2 quokkas (D:4)
  A ball python (D:4)
  9 bats
  2 frilled lizards
  A jackal skeleton (D:5)
  A leopard gecko skeleton (D:5)
  10 rats
85 creatures vanquished.

Notes
Turn   | Place    | Note
-------+----------+-------------------------------------------
     0 | D:1      | Borgoz the Kobold Fighter began the quest for the Orb.
     0 | D:1      | Reached XP level 1. HP: 14/14 MP: 1/1
   276 | D:1      | Reached XP level 2. HP: 12/19 MP: 2/2
   488 | D:1      | Reached skill level 3 in Short Blades
   488 | D:1      | Reached skill level 1 in Dodging
   794 | D:1      | Reached XP level 3. HP: 22/23 MP: 3/3
   918 | D:2      | Reached skill level 1 in Stealth
   929 | D:2      | Gained mutation: You are clumsy. (Dex -2) [potion of
                  | mutation]
   929 | D:2      | Gained mutation: You are resistant to hostile enchantments.
                  | (MR+) [potion of mutation]
   968 | D:2      | Reached XP level 4. HP: 5/29 MP: 4/4
  1468 | D:2      | Found a glowing golden altar of the Shining One.
  1473 | D:2      | Noticed Jessica
  1482 | D:2      | Killed Jessica
  1674 | D:2      | Found a blossoming altar of Fedhas.
  1683 | D:2      | Found a hide-covered altar of Uskayaw.
  1684 | D:2      | Found a sparkling altar of Nemelex Xobeh.
  1688 | D:2      | Found a basalt altar of Yredelemnul.
  1866 | D:3      | Reached XP level 5. HP: 33/33 MP: 5/5
  1903 | D:3      | Found a shattered altar of Ashenzari.
  1916 | D:3      | Became a worshipper of Ashenzari the Shackled
  2393 | D:3      | Reached skill level 4 in Short Blades
  2402 | D:3      | Lost mutation: You are clumsy. (Dex -2) [potion of
                  | mutation]
  2402 | D:3      | Gained mutation: You have large cloven feet. [potion of
                  | mutation]
  2402 | D:3      | Gained mutation: You are agile. (Dex +2) [potion of
                  | mutation]
  2402 | D:3      | Gained mutation: You expend magic power (3 MP) to
                  | strengthen your wands. [potion of mutation]
  2402 | D:3      | Gained mutation: Your flesh is cold resistant. (rC+)
                  | [potion of mutation]
  2711 | D:4      | Reached skill level 1 in Evocations
  2985 | D:4      | Reached XP level 6. HP: 37/38 MP: 6/6
  3182 | D:4      | Noticed an ogre
  3202 | D:4      | Killed an ogre
  3564 | D:4      | Found a snail-covered altar of Cheibriados.
  3725 | D:4      | Reached * piety under Ashenzari
  3774 | D:5      | Entered Level 5 of the Dungeon
  3789 | D:5      | Reached XP level 7. HP: 44/44 MP: 8/8
  4093 | D:5      | Reached skill level 5 in Short Blades
  4282 | D:6      | Noticed Pikel
  4316 | D:6      | HP: 3/66 [Pikel/+2 whip of electrocution (6)]
  4316 | D:6      | Mangled by Pikel

Levels and vault maps discovered:
D:1:      dpeg_arrival_chambers_temple_mockup, layout_basic
D:2:      layout_rooms, minitemple, tso_metal_star, uniq_jessica
D:3:      layout_basic, ashenzari_altar_1, first_ration
D:4:      layout_rooms, wad_floor_pattern_untrapped, kennysheep_slug_shrine
D:5:      layout_cave_pods, minmay_fractal_squares_gapless_5
D:6:      layout_cave_pools, chequers_serial_rivers_micro_c,
          hangedman_feature_mirror, uniq_edmund, uniq_pikel

Skill      XL: |  1  2  3  4  5  6  7 |
---------------+----------------------+-----
Short Blades   | 3 4 5 |  5.0
Dodging        | 1 2 3 |  3.5
Stealth        | 1 2 |  2.8
Fighting       | 4 |  4.8
Evocations     | 1 |  1.9
Shields        | 3 |  3.0
Armour         | 3 |  3.0

Action                   |  1- 3 |  4- 6 |  7- 9 || total
-------------------------+-------+-------+-------++-------
Melee: Rapier            |    98 |   194 |    81 ||   373
 Abil: Evoke Berserk Rag |       |     5 |     1 ||     6
  Use: Potion            |     4 |     2 |     1 ||     7
       Scroll            |       |     5 |     2 ||     7
  Eat: Chunk             |     7 |    14 |     1 ||    22
Armor: Scale mail        |    61 |    76 |    24 ||   161
Dodge: Dodged            |    58 |   113 |    58 ||   229
Block: Shield            |    75 |     4 |       ||    79

Table legend:
 A = Non-vault XP
 B = Vault XP
 C = Vault XP percentage of total XP
 D = Non-vault monster count
 E = Vault monster count
 F = Vault count percentage of total count
                 A         B        C        D         E       F
            +---------+---------+-------+---------+---------+-------
      Total |     618 |      41 |   6.2 |      80 |       2 |   2.4
            +---------+---------+-------+---------+---------+-------
        D:1 |      33 |       0 |   0.0 |      13 |       0 |   0.0
        D:2 |      59 |      37 |  38.5 |      15 |       1 |   6.2
        D:3 |      45 |       0 |   0.0 |      15 |       0 |   0.0
        D:4 |     310 |       4 |   1.3 |      24 |       1 |   4.0
        D:5 |     121 |       0 |   0.0 |      10 |       0 |   0.0
        D:6 |      50 |       0 |   0.0 |       3 |       0 |   0.0
            +---------+---------+-------+---------+---------+-------
